AoeStats
← Lt_Reingebuttert

Arabia

508296496Analyzed
3v3 RM · 11d ago on Sep 21, 2026· 73m 32s· 6 players
Game mode
Random Map
Map size
Normal (6 player)
Population
200
Speed
Normal
Resources
Standard
Victory
Conquest
Starting age
Dark Age
Ending age
Imperial Age
RankedLock teamsTeams togetherTeam positionsShared explorationLock speedFull tech treeHidden civsTurbo modeCheats
Victory
Defeat
🇩🇪 Hindustanis · Germany
952
+11
🇩🇪 Khmer · Germany
761
+18
🇩🇪 Byzantines · Germany
724
+20
🇧🇷 Bohemians · Brazil
847
-17
🇬🇧 Poles · United Kingdom
810
-16
🇨🇴 Persians · Colombia
801
-16
Manic_Douche
5:36 Loom
12:50 Feudal Age
18:25 Castle Age
17:45 Double-Bit Axe
19:26 Horse Collar
24:04 Wheelbarrow
24:46 Heavy Plow
25:03 Bow Saw
25:50 Town Watch
28:16 Hand Cart
28:23 Padded Archer Armor
29:55 Leather Archer Armor
32:39 Scale Barding Armor
36:50 Imperial Age
34:08 Town Watch
36:31 Chain Barding Armor
36:54 Murder Holes
37:13 Masonry
39:02 Chemistry
38:48 Town Patrol
39:00 Light Cavalry
39:44 Husbandry
39:05 Cavalier
40:07 Scale Mail Armor
39:57 Fletching
42:29 Ballistics
41:34 Pikeman
42:14 Squires
42:18 Bodkin Arrow
42:43 Winged Hussar
44:04 Bloodlines
44:45 Elite Skirmisher
46:03 Forging
65:50 Fortified Wall
Mono.Rolo
9:46 Feudal Age
15:58 Double-Bit Axe
15:56 Horse Collar
19:05 Loom
27:48 Castle Age
carlosauberto
0:27 Loom
10:45 Feudal Age
12:06 Wheelbarrow
11:19 Double-Bit Axe
12:24 Horse Collar
21:16 Castle Age
22:33 Bow Saw
24:01 Hand Cart
24:38 Caravan
25:58 Squires
27:16 Fervor
30:29 Chemistry
29:55 Murder Holes
30:10 Fortified Wall
31:09 Hand Cart
32:35 Arson
33:17 Ballistics
37:41 Imperial Age
35:28 Fletching
35:39 Padded Archer Armor
35:39 Scale Mail Armor
36:16 Pikeman
39:13 Heavy Plow
39:26 Bodkin Arrow
39:46 Leather Archer Armor
39:42 Forging
39:38 Elite Hussite Wagon
40:36 Halberdier
54:11 Man-at-Arms
55:38 Bracer
56:08 Ring Archer Armor
55:48 Forging
55:44 Scale Barding Armor
58:26 Chain Mail Armor
67:17 Two-Man Saw
67:15 Iron Casting
67:10 Plate Mail Armor
70:15 Chain Barding Armor
69:45 Capped Ram
Prinz_Butterbirne1312
12:05 Feudal Age
22:01 Castle Age
20:52 Double-Bit Axe
20:49 Horse Collar
21:03 Gold Mining
23:27 Heavy Plow
25:25 Gold Shaft Mining
25:47 Forging
25:40 Pikeman
28:29 Scale Barding Armor
29:36 Iron Casting
32:29 Chain Barding Armor
34:46 Stone Mining
35:09 Bow Saw
36:35 Husbandry
51:25 Man-at-Arms
52:53 Long Swordsman
53:38 Squires
53:23 Gambesons
65:53 Imperial Age
66:00 Cavalier
70:09 Fortified Wall
75:05 Chemistry
Lt_Reingebuttert
11:41 Feudal Age
17:29 Castle Age
15:38 Double-Bit Axe
16:20 Horse Collar
18:55 Heavy Plow
19:10 Bow Saw
18:56 Gold Mining
27:03 Imperial Age
27:09 Gold Shaft Mining
28:08 Scale Barding Armor
32:24 Heavy Scorpion
35:25 Crop Rotation
37:39 Elite Battle Elephant
42:19 Chain Barding Armor
42:55 Forging
45:09 Wheelbarrow
45:15 Plate Barding Armor
46:09 Double Crossbow
51:20 Hand Cart
51:56 Loom
52:52 Ballistics
53:33 Chemistry
54:05 Caravan
57:07 Iron Casting
67:04 Pikeman
67:31 Arson
68:14 Halberdier
69:35 Crossbowman
69:37 Elite Skirmisher
Monsieur Garlíc
10:11 Loom
11:56 Feudal Age
16:55 Castle Age
14:50 Double-Bit Axe
14:48 Horse Collar
15:29 Stone Mining
15:49 Gold Mining
18:11 Heavy Plow
18:28 Bow Saw
19:01 Gold Shaft Mining
22:24 Scale Mail Armor
25:15 Chain Mail Armor
26:18 Forging
26:12 Town Watch
27:42 Iron Casting
28:30 Squires
28:16 Arson
29:12 Wheelbarrow
33:55 Imperial Age
31:41 Hand Cart
33:36 Town Patrol
33:48 Scale Barding Armor
34:35 Elite Ghulam
35:18 Grand Trunk Road
35:39 Conscription
36:35 Blast Furnace
38:23 Stone Shaft Mining
37:52 Husbandry
38:03 Bloodlines
37:15 Heavy Camel Rider
40:25 Chain Barding Armor
39:56 Fletching
40:06 Padded Archer Armor
41:02 Imperial Camel Rider
43:23 Two-Man Saw
43:56 Plate Barding Armor
43:31 Siege Elephant
50:06 Caravan
70:00 Chemistry
69:21 Ballistics
69:07 Siege Engineers
Connection lost

Rejoining the realm…

Still unreachable

The connection could not be restored.

Session expired

The server has moved on; the page needs a fresh start.